 Dungeon Crawl Stone Soup version 0.30.0-29-ga12c61a403 (webtiles) character file.

Game seed: 1932563074656120084

24 qw the Shield-Bearer (level 3, -5/23 HPs)
             Began as a Gargoyle Fighter on June 5, 2023.
             Slain by Sigmund
             ... wielding a +0 scythe
              (7 damage)
             ... on level 2 of the Dungeon.
             The game lasted 00:00:26 (807 turns).

qw the Shield-Bearer (Gargoyle Fighter)              Turns: 807, Time: 00:00:26

Health: -5/23      AC: 11    Str: 21    XL:     3   Next: 2%
Magic:  3/3        EV:  9    Int:  8    God:
Gold:   50         SH:  0    Dex:  9    Spells: 2/2 levels left

rFire   . . .        Y - +0 war axe
rCold   . . .        c - +0 buckler
rNeg    + . .        b - +0 scale mail
rPois   inf          (no helmet)
rElec   +            (no cloak)
rCorr   .            f - +0 pair of gloves
SInv    .            (no boots)
Will    .....        (no amulet) Stlth
                     (no ring)
HPRegen 0.23/turn    (no ring)
MPRegen 0.08/turn

%: no passive effects
@: confused
A: sickness immunity, AC +3, negative energy resistance 1, electricity
resistance, torment resistance 1, petrification resistance
a: no special abilities


You were on level 2 of the Dungeon.
You visited 1 branch of the dungeon, and saw 2 of its levels.

You collected 50 gold pieces.


Innate Abilities, Weirdness & Mutations

You are immune to sickness and miasma.
Your stone body is resilient. (AC +3)
You are immune to poison.
You resist negative energy. (rN+)
You are resistant to electric shocks. (rElec)
You are resistant to unholy torment.
You are immune to petrification.


   Skills:
 - Level 3.2 Fighting
 + Level 3.1 Axes
 - Level 3.2 Armour
 - Level 3.2 Shields


You had 2 spell levels left.
You didn't know any spells.
Your spell library was empty.

Inventory:

Hand Weapons
 g - a +0 club
 Y - a +0 war axe (weapon)
Armour
 b - a +0 scale mail (worn)
 c - a +0 buckler (worn)
 f - a +0 pair of gloves (worn)
Scrolls
 k - a scroll of identify
Potions
 d - 2 potions of might
 j - a potion of curing
 l - a potion of haste

Dungeon Overview and Level Annotations

Branches:
Dungeon (2/15)

Altars:

Annotations:
D:2 Sigmund


Message History

You completely miss the quokka.
The quokka is severely wounded.
The quokka bites you but does no damage.
You hit the quokka.
The quokka is almost dead.
You feel yourself slow down.
The quokka bites you but does no damage.
You barely miss the quokka.
The quokka is almost dead.
The quokka barely misses you.
The quokka bites you but does no damage.
You slash the quokka!
You kill the quokka!
You have reached level 3!
Your experience leads to an increase in your attributes!
Increase (S)trength, (I)ntelligence, or (D)exterity?
You feel stronger. x2
Sigmund the Dreaded comes into view.
He is wielding a +0 scythe.
Sigmund shouts!
Sigmund gestures at you while chanting. The puff of flame hits you!
Sigmund hits you from afar with a +0 scythe.
Sigmund hits you with a +0 scythe.
You closely miss Sigmund. You block Sigmund's attack.
You hit Sigmund but do no damage. You barely miss Sigmund.
Sigmund gestures at you while chanting. You resist with significant effort.
Sigmund hits you with a +0 scythe!
You barely miss Sigmund. Sigmund hits you but does no damage.
You closely miss Sigmund. You closely miss Sigmund. Sigmund closely misses you.
You slash Sigmund!
Sigmund is moderately wounded.
Sigmund points at you and mumbles some strange words.
You are confused.
Sigmund hits you with a +0 scythe!
You die...

# .# #.# #.# #..
.#############@#.###.
......%<.....@.......
............$..##.###
.###############


You could see Sigmund.

Vanquished Creatures
  5 endoplasms (D:1)
  2 giant cockroaches (D:1)
  3 goblins (D:1)
  A hobgoblin (D:1)
  3 jackals (D:1)
  A quokka (D:2)
  2 ball pythons (D:1)
  A bat (D:1)
  2 frilled lizards (D:1)
  A kobold (D:1)
21 creatures vanquished.

Notes
Turn   | Place    | Note
-------+----------+-------------------------------------------
     0 | D:1      | qw the Gargoyle Fighter began the quest for the Orb.
     0 | D:1      | Reached XP level 1. HP: 14/14 MP: 1/1
     0 | D:1      | 0 ||| qw: Version: 0.2-a-108-gee2c290
     0 | D:1      | 0 ||| qw: Game counter: 1485
     0 | D:1      | 0 ||| qw: Always use a shield: true
     0 | D:1      | 0 ||| qw: God list: Okawaru
     0 | D:1      | 0 ||| qw: Allow faded altars: false
     0 | D:1      | 0 ||| qw: Do Orc after D:15 true
     0 | D:1      | 0 ||| qw: Do second Lair branch before Depths: true
     0 | D:1      | 0 ||| qw: Lair rune preference: random
     0 | D:1      | 0 ||| qw: Plans: Normal, Zot:1-4, Slime:5, God:TSO, Crypt,
                  | Tomb, Abyss, Pan, Hells, Win
     0 | D:1      | 0 ||| PLANNING D:1-11
   146 | D:1      | Reached XP level 2. HP: 19/19 MP: 2/2
   351 | D:1      | 351 ||| Stepping ~*~*~tactically~*~*~ (stealth).
   381 | D:1      | 381 ||| Stepping ~*~*~tactically~*~*~ (hiding).
   382 | D:1      | 382 ||| Stepping ~*~*~tactically~*~*~ (hiding).
   383 | D:1      | 383 ||| Stepping ~*~*~tactically~*~*~ (hiding).
   384 | D:1      | 384 ||| Stepping ~*~*~tactically~*~*~ (hiding).
   385 | D:1      | 385 ||| Stepping ~*~*~tactically~*~*~ (stealth).
   394 | D:1      | Reached skill level 3 in Axes
   732 | D:1      | 732 ||| UPGRADING to +0 pair of gloves.
   737 | D:1      | 737 ||| DROPPING amulet of magic regeneration.
   738 | D:1      | 738 ||| READING 5 scrolls labelled SENLU NUAMAUH.
   750 | D:1      | 750 ||| READING 2 scrolls labelled KUCRIWKIADU.
   751 | D:1      | 751 ||| READING 3 scrolls labelled DEHYG WYTHUDGH.
   752 | D:1      | 752 ||| DRINKING 2 fizzy green potions.
   753 | D:1      | 753 ||| DRINKING 2 silvery potions.
   754 | D:1      | 754 ||| READING 2 scrolls of identify.
   754 | D:1      | 754 ||| IDENTIFYING white potion
   755 | D:1      | 755 ||| DROPPING 4 scrolls of torment.
   756 | D:1      | 756 ||| DROPPING scroll of fear.
   757 | D:1      | 757 ||| DROPPING potion of invisibility.
   795 | D:2      | Reached XP level 3. HP: 23/23 MP: 3/3
   797 | D:2      | Noticed Sigmund
   803 | D:2      | HP: 1/23 [Sigmund/+0 scythe (7)]
   807 | D:2      | Slain by Sigmund

Levels and vault maps discovered:
D:1:      dpeg_arrival_central, layout_loops_ring, hangedman_decor_lopped
D:2:      layout_loops_ring, chequers_ecumenical_altar_island, uniq_robin,
          uniq_sigmund, uniq_crazy_yiuf_cottage

Skill      XL: |  1  2 |
---------------+-------+-----
Axes           | 2 3 |  3.1
Fighting       | |  3.2
Armour         | |  3.2
Shields        | |  3.2

Action                     || total
---------------------------++-------
  Melee: War axe           ||    67
    Use: Scroll            ||     4
         Potion            ||     2
 Armour: Scale mail        ||    26
  Dodge: Dodged            ||    23
  Block: Buckler           ||     9

Table legend:
 A = Non-vault XP
 B = Vault XP
 C = Vault XP percentage of total XP
 D = Non-vault monster count
 E = Vault monster count
 F = Vault count percentage of total count
                 A         B        C        D         E       F
            +---------+---------+-------+---------+---------+-------
      Total |      35 |       0 |   0.0 |      21 |       0 |   0.0
            +---------+---------+-------+---------+---------+-------
        D:1 |      33 |       0 |   0.0 |      20 |       0 |   0.0
        D:2 |       2 |       0 |   0.0 |       1 |       0 |   0.0
            +---------+---------+-------+---------+---------+-------
